 Dungeon Crawl Stone Soup version 0.30-a0-691-g754fce4c43 (webtiles) character file.

Game seed: 599727422998743477

217258 bjtr the Earth Mage (level 19, -5/120 HPs)
             Began as a Gargoyle Earth Elementalist on Jan 16, 2023.
             Was the Champion of Vehumet.
             Killed by divine providence
             ... invoked by a meliai
              (16 damage)
             ... on level 4 of the Spider Nest on Jan 19, 2023.
             The game lasted 04:20:36 (44950 turns).

bjtr the Earth Mage (Gargoyle Earth Elementalist)  Turns: 44950, Time: 04:20:37

Health: -5/120     AC: 35    Str: 15    XL:     19   Next: 8%
Magic:  46/46      EV: 18    Int: 27    God:    Vehumet [******]
Gold:   2256       SH: 11    Dex: 10    Spells: 3/47 levels left

rFire   + . .      SeeInvis +    b - +8 sling "Kesing" {speed, MP+9 Str+3 Int+3}
rCold   + . .      Faith    .    E - +0 kite shield {AC+3}
rNeg    + + .      Spirit   .    s - +5 robe of Night {Dark Will+ SInv}
rPois   ∞          Reflect  .    y - +2 helmet
rElec   +          Harm     .    L - scarf {rC+ rF+}
rCorr   .          Rampage  .    u - +2 pair of gloves
Will    ++...                    l - +2 pair of boots
Stlth   +++                      w - amulet of regeneration
HPRegen 1.20/turn                X - +5 ring of evasion
MPRegen 0.30/turn                T - ring of Qetaimn Liej {rN+ Slay+3}

@: marked, flying, studying Ice Magic
A: sickness immunity, AC +14, big wings, negative energy resistance 1,
electricity resistance, torment resistance 1, petrification resistance
}: 1/15 runes: decaying
a: Renounce Religion


You were on level 4 of the Spider Nest.
You worshipped Vehumet.
Vehumet was exalted by your worship.
You visited 8 branches of the dungeon, and saw 33 of its levels.
You also visited: Ice Cave and Volcano.

You collected 3598 gold pieces.
You spent 1342 gold pieces at shops.

Inventory:

Hand Weapons
 a - a +2 morningstar of holy wrath
 b - the +8 sling "Kesing" (weapon) {speed, MP+9 Str+3 Int+3}
   (You found it on level 15 of the Dungeon)

   Str:       It affects your strength (+3).
   Int:       It affects your intelligence (+3).
   MP:        It affects your magic capacity (+9).
 W - the +5 long sword of Rah Jyukh {flame, Stlth+}
   (You found it on level 3 of the Lair of Beasts)

   Stlth:     It makes you more stealthy.
Missiles
 g - a throwing net
 h - 3 silver boomerangs
Armour
 l - a +2 pair of boots (worn)
 s - the +5 robe of Night (worn) {Dark Will+ SInv}
   (You found it on level 4 of the Lair of Beasts)

   Dark:      It shrouds the wearer in darkness, reducing the range at which
   they can see and be seen by others.
   SInv:      It lets you see invisible.
   Will:      It increases your willpower.
 u - a +2 pair of gloves (worn)
 y - a +2 helmet (worn)
 z - a scarf of repulsion
 E - a +0 kite shield of protection (worn)
 L - a scarf of resistance (worn)
Jewellery
 i - a +4 ring of protection
 w - an amulet of regeneration (around neck)
 x - a ring of resist corrosion
 F - a ring of protection from cold
 I - a ring of protection from fire
 O - a +6 ring of intelligence
 T - the ring of Qetaimn Liej (right hand) {rN+ Slay+3}
   (You found it on level 3 of the Spider Nest)

   [ring of positive energy]

   Slay:      It affects your accuracy & damage with ranged weapons and melee
   (+3).
   rN:        It protects you from negative energy.
 X - a +5 ring of evasion (left hand)
Wands
 e - a wand of polymorph (6)
 n - a wand of flame (51)
 v - a wand of charming (23)
 D - a wand of light (14)
 P - a wand of roots (22)
Scrolls
 f - 2 scrolls of amnesia
 j - 2 scrolls of silence
 q - 3 scrolls of poison
 t - 5 scrolls of summoning
 A - a scroll of enchant armour
 C - 17 scrolls of teleportation
 H - 4 scrolls of fear
 J - a scroll of immolation
 K - a scroll of brand weapon
 M - 2 scrolls of magic mapping
 U - a scroll of blinking
 Z - 19 scrolls of identify
Potions
 c - 3 potions of cancellation
 d - 4 potions of curing
 k - 4 potions of resistance
 m - a potion of mutation
 p - 5 potions of haste
 B - 3 potions of brilliance
 G - 5 potions of heal wounds
 N - 4 potions of ambrosia
 Y - 4 potions of invisibility
Miscellaneous
 o - a tin of tremorstones (2/2)
 r - a phantom mirror
 Q - a phial of floods


   Skills:
 * Level 13.8 Fighting
 * Level 8.8 Armour
 + Level 8.5 Dodging
 + Level 5.0 Stealth
 * Level 10.9 Shields
 + Level 14.9 Spellcasting
 + Level 14.0 Conjurations
 - Level 0.7 Transmutations
 + Level 3.8 Fire Magic
 + Level 19.7 Earth Magic
 + Level 0.1 Poison Magic
 + Level 7.7 Evocations


You had 3 spell levels left.
You knew the following spells:

 Your Spells              Type           Power      Damage    Failure   Level
a - Arcjolt               Conj/Air       27%        1d37      2%          5
b - Passwall              Tmut/Erth      55%        N/A       1%          2
c - Stone Arrow           Conj/Erth      100%       3d13      0%          3
d - Petrify               Tmut/Erth      66%        N/A       1%          4
e - Lee's Rapid Deconstr  Erth           45%        3d22*     1%          5
f - Fireball              Conj/Fire      31%        3d13      1%          5
g - Mephitic Cloud        Conj/Pois/Air  45%        N/A       1%          3
h - Borgnjor's Vile Clut  Necr/Erth      32%        N/A       2%          5
i - Starburst             Conj/Fire      31%        6d9       6%          6
j - Iron Shot             Conj/Erth      42%        9d8       1%          6

Your spell library contained the following spells:

 Spells                   Type           Power      Damage    Failure   Level
 Orb of Destruction       Conj           38%        9d11      4%          7
 Sandblast                Erth           100%       2d20      0%          1
 Foxfire                  Conj/Fire      100%       2x1d9     1%          1
 Scorch                   Fire           82%        2d9       1%          2
 Dazzling Flash           Conj/Hex       100%       N/A       1%          3
 Poisonous Vapours        Pois/Air       40%        N/A       2%          2
 Kindle Blastsparks       Fire/Tloc/Air  54%        2d14      2%          3
 Beastly Appendage        Tmut           48%        N/A       4%          1
 Sting                    Tmut/Pois      88%        1d7       4%          1
 Apportation              Tloc           40%        N/A       5%          1
 Necrotise                Necr           80%        1d8       5%          1
 Summon Small Mammal      Summ           80%        N/A       5%          1
 Wereblood                Tmut           24%        N/A       6%          2
 Ensorcelled Hibernation  Hex/Ice        40%        N/A       9%          2
 Lesser Beckoning         Tloc           40%        N/A       9%          2
 Spider Form              Tmut/Pois      22%        N/A       14%         3
 Gell's Gravitas          Tloc           20%        N/A       17%         3
 Teleport Other           Tloc           20%        N/A       17%         3
 Tukima's Dance           Hex            20%        N/A       17%         3
 Leda's Liquefaction      Hex/Erth       32%        N/A       1%          4
 Olgreb's Toxic Radiance  Pois           20%        N/A       14%         4
 Yara's Violent Unravell  Hex/Tmut       11%        3d6       32%         5
 Anguish                  Hex/Necr       10%        N/A       50%         4
 Animate Dead             Necr           20%        N/A       50%         4
 Passage of Golubria      Tloc           20%        N/A       50%         4
 Agony                    Necr           20%        N/A       83%         5
 Silence                  Hex/Air        10%        N/A       83%         5
 Death Channel            Necr           10%        N/A       100%        6
 Dispersal                Tloc           10%        N/A       100%        6
 Enfeeble                 Hex            10%        N/A       100%        7
 Summon Hydra             Summ           10%        N/A       100%        7
 Discord                  Hex            10%        N/A       100%        8
 Sublimation of Blood     Necr           Unusable   N/A       N/A         2
 Statue Form              Tmut/Erth      Unusable   N/A       N/A         6

Dungeon Overview and Level Annotations

Branches:
Dungeon (15/15)            Temple (1/1) D:4            Lair (5/5) D:11
  Swamp (4/4) Lair:3       Spider (4/4) Lair:2        Slime (0/5) Lair:4
    Orc (2/2) D:12            Elf (1/3) Orc:2        Vaults (1/5) D:13
 Depths (0/4) D:15          IceCv (visited)         Volcano (visited)

Altars:
Ashenzari
Cheibriados
Dithmenos
Elyvilon
Fedhas
Gozag
Hepliaklqana
Kikubaaqudgha
Makhleb
Nemelex Xobeh
Okawaru
Qazlal
Ru
Sif Muna
Trog
Uskayaw
Vehumet
Wu Jian
Xom
Yredelemnul
Zin
The Shining One
Jiyva

Shops:
D:2 *   D:3 [   D:13 *   Orc:1 **=:[   Orc:2 [=?[

Portals:
Trove: D:12 (give horn of Geryon)

Annotations:
D:14 exclusion: 2 orange crystal statues
Spider:3 2 transporters, exclusion: 2 oklob plants, Arachne; Dogosyr's ghost, journeyman DgEE; lotum's ghost, adept FoFi
Spider:4 Mlioglotl
Elf:1 Asterion


Innate Abilities, Weirdness & Mutations

You are immune to sickness and miasma.
Your stone body is resilient. (AC +14)
You are immune to poison.
Your large and strong wings let you fly.
You resist negative energy. (rN+)
You are resistant to electric shocks. (rElec)
You are resistant to unholy torment.
You are immune to petrification.


Message History

The demonic crawler misses you. The demonic crawler closely misses you.
The demonic crawler hits you!
The wolf spider hits you but does no damage.
The wolf spider barely misses you.
The steelbarb worm attacks as you move away!
You block the steelbarb worm's attack.
The wolf spider attacks as you move away!
The wolf spider hits you! The wolf spider misses you.
The meliai completely misses you. You block the meliai's attack.
The demonic crawler attacks as you move away!
You block the demonic crawler's attack.
The demonic crawler hits you but does no damage.
The demonic crawler misses you. You block the meliai's attack.
The meliai stings you but does no damage.
The demonic crawler closely misses you.
The demonic crawler hits you but does no damage. x2
The meliai barely misses you. The meliai completely misses you.
The steelbarb worm attacks as you move away!
The steelbarb worm hits you but does no damage.
The meliai hits you but does no damage. You block the meliai's attack. x3
The steelbarb worm hits you but does no damage.
The steelbarb worm attacks as you move away!
You block the steelbarb worm's attack.
The meliai invokes the aid of its god against you.
Something smites you! The meliai hits you with a +0 war axe.
* * * LOW HITPOINT WARNING * * *
The meliai closely misses you.
The demonic crawler attacks as you move away!
The demonic crawler hits you but does no damage.
You block the demonic crawler's attack. x2
The meliai invokes the aid of its god against you.
Something smites you!
* * * LOW HITPOINT WARNING * * *
The demonic crawler closely misses you.
The demonic crawler hits you but does no damage.
The demonic crawler hits you!
* * * LOW HITPOINT WARNING * * *
The meliai invokes the aid of its god against you.
Something smites you!
You die...

###############
..^..^........#
......#^......#
##..#....#.#.#..#
.#^##......#..^.##
..#^...^#....##..# .
.....#^.##.^.#..#
..^.....##.#.wys†#.#^.^.#
^...#...^##....#@...#...#
^.#^......^w#y.#..#..#.##
#..#......ss##y.......#
##...#.#..##w...##.#..^#
^#.#......<....####...##
#....#...#...### #####
......#.###### #..#^...#
#####..##


You could see a steelbarb worm, a demonic crawler and 2 meliai.

Vanquished Creatures
  2 tentacled monstrosities
  Jorgrun (D:14)
  A lich (IceCv)
  A thorn hunter (Swamp:4)
  Kirke (D:12)
  2 fenstrider witches (Swamp:3)
  A ghost moth (Spider:2)
  Louise (Swamp:2)
  An emperor scorpion (Spider:4)
  An ironbound preserver (D:13)
  3 broodmothers
  A very ugly thing (Swamp:4)
  Nessos (D:13)
  4 eleionomae
  A red draconian (Volcano)
  A spark wasp (Spider:2)
  2 bunyips (Swamp:1)
  Snorg (D:12)
  2 green deaths (Swamp:4)
  2 fire dragons
  A shambling mangrove (Swamp:1)
  2 entropy weavers
  Harold (Orc:1)
  An ice dragon (D:15)
  12 hydras
  Erolcha (D:10)
  A catoblepas (D:13)
  A ghost crab (Swamp:3)
  2 jorogumos (Spider:3)
  4 centaur warriors
  2 merfolk avatars (Swamp:2)
  5 radroaches
  An anaconda (shapeshifter) (D:13)
  16 two-headed ogres
  2 caustic shrike simulacra (IceCv)
  Erica (D:9)
  5 ogre magi
  An alligator (Swamp:4)
  2 boulder beetles
  A death knight (D:14)
  9 death yaks
  2 tengu warriors
  Urug (D:10)
  3 thrashing horrors (Swamp:4)
  A deep elf knight (Elf:1)
  2 fire crabs
  A salamander mystic (Volcano)
  8 pharaoh ants
  4 sun moths
  5 goliath frogs
  4 spriggan druids
  5 orb spiders
  3 spriggan simulacra (IceCv)
  5 deep trolls
  10 bog bodies
  8 swamp dragons
  3 steelbarb worms
  An obsidian statue (IceCv)
  9 deep elf pyromancers
  Pikel (D:8)
  An ironbound convoker (Vaults:1)
  5 orc knights
  4 oklob plants (Lair:3)
  A necromancer (IceCv)
  3 deep elf zephyrmancers
  12 wolf spiders
  An orc sorcerer (Orc:1)
  4 will-o-the-wisps
  A manticore (D:15)
  2 moths of wrath (Spider:2)
  11 ugly things
  4 cyclopes
  7 black mambas
  25 elephants
  6 salamanders (Volcano)
  11 demonic crawlers
  3 torpor snails
  An eye of devastation (shapeshifter) (D:13)
  Maurice (D:9)
  A vault sentinel (Vaults:1)
  2 orange demons (Swamp:4)
  26 cane toads
  2 gargoyles (D:13)
  An unseen horror (D:12)
  8 komodo dragons
  Psyche (D:8)
  14 freezing wraiths
  4 anaconda simulacra (IceCv)
  A kobold demonologist (D:12)
  3 efreet
  3 rime drakes
  3 yaktaurs (D:15)
  2 tengu conjurers (D:15)
  2 ice devils (IceCv)
  A golden dragon simulacrum (IceCv)
  6 trolls
  A meliai (D:15)
  5 tyrant leeches
  3 polar bears
  25 tarantellas
  4 hornets
  26 blink frogs
  Prince Ribbit (D:8)
  21 jumping spiders
  22 slime creatures
  14 culicivoras
  5 shadows
  3 spriggans
  2 wraiths
  A dire elephant simulacrum (IceCv)
  2 water elementals (D:12)
  4 wyverns
  A vampire (D:13)
  A fire bat (Lair:2)
  42 yaks
  3 hogs (D:12)
  2 steam dragons
  6 basilisks
  A fire elemental (Lair:2)
  70 redbacks
  Menkaure (D:6)
  16 vampire mosquitoes
  23 swamp worms
  A harpy simulacrum (IceCv)
  3 hydra simulacra (IceCv)
  3 acid dragons
  4 hell hounds (Lair:2)
  A swamp drake (D:12)
  15 water moccasins
  2 floating eyes (D:9)
  A sky beast (D:7)
  A black bear (Lair:2)
  2 ettin simulacra (IceCv)
  23 orc warriors
  4 alligator simulacra (IceCv)
  An ice beast (shapeshifter) (D:13)
  26 ogres
  16 centaurs
  A phantom (D:6)
  31 wolves
  17 bullfrogs
  5 kobold brigands
  2 scorpions
  2 necrophages (D:4)
  A deep troll simulacrum (IceCv)
  A gnoll sergeant (D:6)
  3 wights
  9 killer bees (D:9)
  8 lindwurm simulacra (IceCv)
  14 electric eels
  4 howler monkeys
  14 orc priests
  6 hounds
  2 jellies
  A gnoll bouda (D:7)
  Ijyb (D:3)
  8 iguanas
  21 orc wizards
  6 hell rats (Lair:5)
  11 gnolls
  6 adders
  A shadow imp (D:5)
  2 white imps
  3 worms
  3 dart slugs
  95 orcs
  4 ball pythons
  5 bats
  5 endoplasms
  3 giant cockroaches
  5 goblins
  5 hobgoblins
  4 jackals (D:1)
  34 kobolds
  8 quokkas
  3 frilled lizards
  5 rats
1127 creatures vanquished.

Vanquished Creatures (collateral kills)
  A quokka (D:3)
1 creature vanquished.

Vanquished Creatures (others)
  A pharaoh ant (Spider:4)
  110 foxfires (IceCv)
  53 fungi
  106 plants
270 creatures vanquished.

Grand Total: 1398 creatures vanquished

Notes
Turn   | Place    | Note
-------+----------+-------------------------------------------
     0 | D:1      | bjtr the Gargoyle Earth Elementalist began the quest for
                  | the Orb.
     0 | D:1      | Reached XP level 1. HP: 10/10 MP: 3/3
   136 | D:1      | Reached XP level 2. HP: 15/15 MP: 1/5
   264 | D:1      | Learned a level 2 spell: Passwall
   423 | D:1      | Reached XP level 3. HP: 20/20 MP: 4/6
   541 | D:1      | Reached skill level 4 in Earth Magic
   698 | D:2      | Learned a level 3 spell: Stone Arrow
   754 | D:2      | Reached skill level 1 in Fighting
  1026 | D:2      | Found Ymutel Zecwi's Assorted Antiques.
  1063 | D:2      | Reached XP level 4. HP: 25/25 MP: 4/7
  1070 | D:2      | Reached skill level 1 in Evocations
  1569 | D:3      | Reached skill level 1 in Conjurations
  1672 | D:3      | Reached XP level 5. HP: 27/30 MP: 1/9
  1776 | D:3      | Noticed Ijyb
  1782 | D:3      | Killed Ijyb
  1785 | D:3      | Reached skill level 5 in Earth Magic
  1967 | D:3      | Found Zuibaf's Armour Emporium.
  2244 | D:3      | Found a burning altar of Makhleb.
  2247 | D:3      | Found a basalt altar of Yredelemnul.
  2252 | D:3      | Found a stormy altar of Qazlal.
  2252 | D:3      | Found an ancient bone altar of Kikubaaqudgha.
  2511 | D:4      | Reached XP level 6. HP: 29/35 MP: 6/10
  2553 | D:4      | Learned a level 4 spell: Petrify
  2843 | D:4      | Reached skill level 6 in Earth Magic
  3110 | D:4      | Found a staircase to the Ecumenical Temple.
  3136 | Temple   | Entered the Ecumenical Temple
  3325 | D:5      | Entered Level 5 of the Dungeon
  3371 | D:5      | Found the +7 lajatang of Order {silver, rMut}
  3374 | D:5      | Reached skill level 1 in Armour
  3377 | D:5      | Reached XP level 7. HP: 40/40 MP: 6/12
  4024 | D:5      | Reached skill level 7 in Earth Magic
  4024 | D:5      | Reached XP level 8. HP: 46/46 MP: 6/13
  4130 | D:5      | Learned a level 1 spell: Foxfire
  4268 | D:6      | Noticed Menkaure
  4281 | D:6      | Killed Menkaure
  4813 | D:6      | Reached skill level 8 in Earth Magic
  5063 | D:7      | Reached XP level 9. HP: 42/52 MP: 7/16
  5443 | D:7      | Reached skill level 9 in Earth Magic
  5770 | D:7      | Reached skill level 5 in Spellcasting
  6077 | D:8      | Noticed a hornet
  6081 | D:8      | Killed a hornet
  6177 | D:8      | Noticed Psyche
  6184 | D:8      | Killed Psyche
  6279 | D:8      | Reached skill level 5 in Fighting
  6296 | D:8      | Reached skill level 10 in Earth Magic
  6325 | D:8      | Reached XP level 10. HP: 37/59 MP: 9/18
  6420 | D:8      | Noticed Pikel
  6424 | D:8      | Killed Pikel
  6425 | D:8      | Reached skill level 5 in Conjurations
  6425 | D:8      | Reached skill level 11 in Earth Magic
  6552 | D:8      | Noticed Prince Ribbit
  6559 | D:8      | Killed Prince Ribbit
  7035 | D:9      | Noticed Erica
  7067 | D:9      | Killed Erica
  7172 | D:9      | Found a snail-covered altar of Cheibriados.
  7312 | D:9      | Found a blossoming altar of Fedhas.
  7584 | D:9      | Reached skill level 12 in Earth Magic
  7597 | D:9      | Reached skill level 5 in Evocations
  7597 | D:9      | Reached XP level 11. HP: 25/66 MP: 16/20
  7913 | D:9      | Noticed Maurice
  7920 | D:9      | Killed Maurice
  8193 | D:9      | Learned a level 5 spell: Fireball
  8212 | D:10     | Entered Level 10 of the Dungeon
  8510 | D:10     | Noticed Erolcha
  8533 | D:10     | Killed Erolcha
  8534 | D:10     | Reached skill level 13 in Earth Magic
  8676 | D:10     | Found a broken altar of Ashenzari.
  8676 | D:10     | Found a radiant altar of Vehumet.
  8677 | D:10     | Found a glowing golden altar of the Shining One.
  8684 | D:10     | Became a worshipper of Vehumet
  8823 | D:10     | Reached skill level 1 in Fire Magic
  8859 | D:10     | Found a sparkling altar of Nemelex Xobeh.
  9042 | D:10     | Noticed Urug
  9049 | D:10     | HP: 1/66 [Urug/+1 heavy great sword (27)]
  9065 | D:10     | Killed Urug
  9328 | D:11     | Noticed a cyclops
  9425 | D:11     | Found a staircase to the Lair.
  9431 | D:11     | Killed a cyclops
  9465 | D:11     | Noticed a red ugly thing
  9545 | D:11     | Found a hazy altar of Hepliaklqana.
  9633 | D:11     | Noticed a cyclops
  9636 | D:11     | Killed a cyclops
  9637 | D:11     | Reached XP level 12. HP: 67/72 MP: 19/23
  9755 | D:11     | Reached * piety under Vehumet
  9755 | D:11     | Offered knowledge of Freeze by Vehumet.
  9798 | D:11     | Noticed a two-headed ogre
  9803 | D:11     | Killed a two-headed ogre
  9903 | D:11     | Identified the +3 leather armour of the Pleiades {rC++
                  | MP+9}
 10263 | D:11     | Reached skill level 14 in Earth Magic
 10445 | D:12     | Noticed Snorg
 10468 | D:12     | Killed Snorg
 10711 | D:12     | Noticed Kirke
 10811 | D:12     | Offered knowledge of Searing Ray by Vehumet.
 10841 | D:12     | Killed Kirke
 10960 | D:12     | Reached ** piety under Vehumet
 11466 | D:12     | Found a staircase to the Orcish Mines.
 11634 | D:12     | Found a portal to a secret trove of treasure.
 11694 | D:12     | Reached XP level 13. HP: 62/79 MP: 25/25
 11695 | D:12     | Offered knowledge of Mephitic Cloud by Vehumet.
 11720 | D:12     | Learned a level 3 spell: Mephitic Cloud
 11758 | D:12     | Reached *** piety under Vehumet
 12357 | D:13     | Noticed Nessos
 12366 | D:13     | Killed Nessos
 12433 | D:13     | Identified the +4 glaive of Collusion {protect, *Rage rC++
                  | Will+}
 12446 | D:13     | Learned a level 5 spell: Borgnjor's Vile Clutch
 12483 | D:13     | Found a gate to the Vaults.
 12492 | D:13     | Upgraded the game from 0.30-a0-639-g3916f1956a to
                  | 0.30-a0-652-gcc886f7154
 12588 | D:13     | Reached skill level 15 in Earth Magic
 12947 | D:13     | Reached skill level 5 in Armour
 13133 | D:13     | Offered knowledge of Kindle Blastsparks by Vehumet.
 13152 | D:13     | Reached skill level 5 in Dodging
 13275 | D:12     | a black bear changed into an entropy weaver
 13275 | D:12     | Noticed an entropy weaver (glowing shapeshifter)
 13298 | D:13     | an entropy weaver changed into a blink frog
 13429 | D:13     | Found Utesoac's Pet Rocks.
 13868 | D:14     | Found a frozen archway.
 13877 | IceCv    | Entered an ice cave
 13894 | IceCv    | HP: 4/80 [dire elephant simulacrum (3)]
 14410 | IceCv    | Reached **** piety under Vehumet
 14556 | IceCv    | Identified the +2 ice dragon scales of Dicioneaps {rF- rC++
                  | Will+ SInv}
 14616 | IceCv    | Offered knowledge of Iskenderun's Mystic Blast by Vehumet.
 14780 | IceCv    | Learned a level 6 spell: Starburst
 14804 | IceCv    | Noticed a lich
 14844 | IceCv    | Killed a lich
 14845 | IceCv    | Gained mutation: Your large and strong wings let you fly.
                  | [Gargoyle growth]
 14845 | IceCv    | Reached XP level 14. HP: 45/87 MP: 14/27
 14978 | IceCv    | Found an ancient bone altar of Kikubaaqudgha.
 14981 | IceCv    | Reached skill level 10 in Fighting
 15234 | IceCv    | Reached skill level 16 in Earth Magic
 15833 | D:14     | Noticed Jorgrun
 15915 | D:14     | Killed Jorgrun
 15916 | D:14     | Reached skill level 10 in Conjurations
 17189 | D:15     | Entered Level 15 of the Dungeon
 17295 | D:15     | Found an ancient bone altar of Kikubaaqudgha.
 17347 | D:15     | Reached skill level 10 in Spellcasting
 17823 | D:15     | Reached ***** piety under Vehumet
 17846 | D:15     | Offered knowledge of Eringya's Noxious Bog by Vehumet.
 17983 | D:15     | Identified the +8 sling "Kesing" {speed, MP+9 Str+3 Int+3}
 19066 | D:15     | Found a staircase to the Depths.
 19365 | Lair:1   | Entered Level 1 of the Lair of Beasts
 19405 | Lair:1   | Found a dark tunnel.
 19416 | Volcano  | Entered a volcano
 19435 | Volcano  | Found a burning altar of Makhleb.
 19444 | Volcano  | Noticed a red draconian
 19583 | Volcano  | Killed a red draconian
 20548 | Lair:2   | Reached XP level 15. HP: 73/95 MP: 29/29
 20728 | Lair:2   | Reached skill level 17 in Earth Magic
 20732 | Lair:2   | Found a transporter.
 20881 | Lair:2   | Found a hole to the Spider Nest.
 21155 | Lair:2   | Upgraded the game from 0.30-a0-652-gcc886f7154 to
                  | 0.30-a0-672-gc3a7216ad8
 21298 | Lair:2   | Found a transporter.
 22262 | Lair:3   | Offered knowledge of Iron Shot by Vehumet.
 22270 | Lair:3   | Learned a level 6 spell: Iron Shot
 22517 | Lair:3   | Identified the +5 long sword of Rah Jyukh {flame, Stlth+}
 22976 | Lair:3   | Reached skill level 1 in Shields
 23233 | Lair:3   | Found a staircase to the Swamp.
 24295 | Lair:4   | Reached XP level 16. HP: 81/101 MP: 9/31
 24680 | Lair:4   | Found a staircase to the Slime Pits.
 24680 | Lair:4   | Found a viscous altar of Jiyva.
 24770 | Lair:4   | Found the +5 robe of Night {Dark Will+ SInv}
 25115 | Lair:5   | Entered Level 5 of the Lair of Beasts
 25136 | Lair:5   | Reached skill level 18 in Earth Magic
 25247 | Lair:5   | Offered knowledge of Arcjolt by Vehumet.
 25688 | Lair:5   | Reached skill level 5 in Shields
 25846 | Lair:5   | Identified the amulet "Neoqutsu" {Rampage Will+ Regen+}
 25860 | Lair:5   | Got the Commentary on Charred Imprecation
 26646 | Temple   | Learned a level 5 spell: Arcjolt
 26996 | Orc:1    | Entered Level 1 of the Orcish Mines
 27009 | Orc:1    | Noticed Harold
 27012 | Orc:1    | Killed Harold
 27012 | Orc:1    | Offered knowledge of Lightning Bolt by Vehumet.
 27101 | Orc:1    | Found a bloodstained altar of Trog.
 27118 | Orc:1    | Found Runiq's Assorted Antiques.
 27512 | Orc:1    | Bought a scroll labelled MOUWILUYSS for 32 gold pieces
 27658 | Orc:1    | Found Nytetz's Book Boutique.
 27672 | Orc:1    | Found Qudegh's Jewellery Boutique.
 27816 | Orc:1    | Found Gusopluu's General Store.
 27820 | Orc:1    | Bought a potion of heal wounds for 50 gold pieces
 28001 | Orc:1    | Found Guxapnel's Antique Armour Boutique.
 28071 | Orc:2    | Entered Level 2 of the Orcish Mines
 28250 | Orc:2    | Found a staircase to the Elven Halls.
 28266 | Orc:2    | Offered knowledge of Spellforged Servitor by Vehumet.
 29541 | Orc:2    | Found Heonuvab's Antique Armour Boutique.
 29541 | Orc:2    | Found Toimpe's Magic Scroll Shoppe.
 29542 | Orc:2    | Found Difreur's Jewellery Shoppe.
 29542 | Orc:2    | Found Cues's Armour Shop.
 29877 | Orc:2    | Bought a translucent leather armour for 294 gold pieces
 29877 | Orc:2    | Identified the +3 leather armour of the Orb Guardian {rElec
                  | rF++ MP+9 Dex-2} (You bought it in a shop on level 2 of the
                  | Orcish Mines)
 29877 | Orc:2    | Bought an embroidered hat for 294 gold pieces
 29877 | Orc:2    | Bought an ichor-stained leather armour for 294 gold pieces
 29877 | Orc:2    | Identified the +1 leather armour of Hedge Wizardry {rC+ rN+
                  | Dex+6 Stlth-} (You bought it in a shop on level 2 of the
                  | Orcish Mines)
 29877 | Orc:2    | Bought a fine ring mail for 378 gold pieces
 29877 | Orc:2    | Identified the +5 ring mail of Resilience {rF++ SInv} (You
                  | bought it in a shop on level 2 of the Orcish Mines)
 30463 | Swamp:1  | Entered Level 1 of the Swamp
 30555 | Swamp:1  | Reached XP level 17. HP: 105/107 MP: 6/34
 32339 | Swamp:2  | Noticed Louise
 32353 | Swamp:2  | Killed Louise
 33596 | Swamp:3  | Offered knowledge of Ozocubu's Refrigeration by Vehumet.
 33678 | Swamp:3  | Noticed a tentacled monstrosity
 34110 | Swamp:3  | Killed a tentacled monstrosity
 34193 | Swamp:4  | Entered Level 4 of the Swamp
 34309 | Swamp:4  | Reached skill level 19 in Earth Magic
 35654 | Swamp:4  | Noticed a tentacled monstrosity
 35667 | Swamp:4  | Killed a tentacled monstrosity
 36526 | Swamp:4  | Got a decaying rune of Zot
 37152 | Vaults:1 | Entered Level 1 of the Vaults
 37345 | Vaults:1 | Reached XP level 18. HP: 113/113 MP: 25/36
 37584 | Elf:1    | Entered Level 1 of the Elven Halls
 37606 | Elf:1    | Learned a level 5 spell: Lee's Rapid Deconstruction
 37643 | Elf:1    | Noticed Asterion
 37676 | Elf:1    | Paralysed by an air elemental for 1 turns
 37690 | Elf:1    | Paralysed by an air elemental for 1 turns
 37962 | Spider:1 | Entered Level 1 of the Spider Nest
 37989 | Spider:1 | Offered knowledge of Orb of Destruction by Vehumet.
 38452 | Spider:1 | Upgraded the game from 0.30-a0-672-gc3a7216ad8 to
                  | 0.30-a0-691-g754fce4c43
 38741 | Spider:1 | Identified the +0 pair of gloves of the Vacuum {Harm rN+++
                  | Str-5 Dex-4}
 40485 | Spider:2 | Reached skill level 10 in Shields
 40611 | Spider:2 | You are sucked into a shaft and drop 1 floor!
 40644 | Spider:3 | Reached skill level 5 in Stealth
 40798 | Spider:3 | Identified the ring of Qetaimn Liej {rN+ Slay+3}
 41226 | Spider:2 | Reached ****** piety under Vehumet
 42518 | Spider:3 | Found a transporter.
 42573 | Spider:3 | Noticed Arachne
 42586 | Spider:3 | Noticed Dogosyr's ghost (journeyman DgEE)
 43179 | Spider:3 | Found a transporter.
 44145 | Spider:3 | Noticed lotum's ghost (adept FoFi)
 44161 | Spider:4 | Entered Level 4 of the Spider Nest
 44181 | Spider:4 | Reached XP level 19. HP: 52/120 MP: 10/37
 44631 | Spider:4 | Noticed Mlioglotl
 44950 | Spider:4 | Killed from afar by a meliai

Illustrated notes

Levels and vault maps discovered:
D:1:      psy_arrival_dodecagon, layout_rooms
D:2:      layout_basic, serial_shops, shop
D:3:      layout_rooms, minitemple, serial_shops, nicolae_shop_behind_doors,
          uniq_ijyb
D:4:      layout_rooms, minmay_temple_entry_nine_rooms, serial_co_window_serial,
          co_window_paths_b, co_window_of_opportunity_a, co_window_cross_1,
          co_window_paths_b, co_window_paths_a, co_window_paths_b,
          co_window_broadway_a, co_window_corner_b, co_window_corner_cb,
          glass_columns_b, glass_columns_b, glass_columns_b, glass_columns_a
D:5:      minmay_evil_eye, layout_loops_ring
D:6:      layout_loops_ring, uniq_menkaure
D:7:      layout_loops_ring, kennysheep_donut, grunt_decor_cap
D:8:      layout_basic, minmay_liquid_box, uniq_pikel, uniq_prince_ribbit1,
          uniq_psyche
D:9:      layout_long_grid, fedhas_altar_2, cheibrodos_worm_habitat,
          onia_ninara_cookie, uniq_maurice, uniq_erica
D:10:     layout_roguey, gammafunk_temple_overflow_claw,
          nemelex_spade_bored_becter, uniq_erolcha, uniq_urug
D:11:     layout_irregular_city, erik_lair_island,
          nicolae_hepliaklqana_hazy_memory
D:12:     layout_roguey [special_room_orc], erik_orc_1,
          nicolae_trove_entry_free_sample, serial_bayou, serial_bayou_pond_d,
          serial_bayou_shore_b, serial_bayou_crossing, serial_bayou_pond_b,
          serial_bayou_ford_a, serial_bayou_lake_a, uniq_snorg, uniq_kirke
D:13:     layout_loops_cross, david_vaults_2, guppyfry_shop_earth, uniq_nessos
D:14:     layout_long_grid, portal_ice_cave_entry_pillars_2,
          kennysheep_cross_bottleneck, minmay_more_statues, uniq_jorgrun
D:15:     grunt_enter_depths_hoard, layout_basic, kiku_gazebo_pond_becter,
          minmay_joined_circles
Temple:   hellmonk_temple_flake
Lair:1:   layout_chaotic_city, nicolae_volcano_entry_lava_flow
Lair:2:   gammafunk_cloud_chamber, layout_hall_layers,
          spider_nest_entry_funnel_web, beast_lair_carwin_1, lemuel_fruit_tree
Lair:3:   minmay_lair_oklob_tunnel, layout_small_grid,
          nicolae_swamp_entry_splash_gauntlet, chequers_serial_rivers_large_a
Lair:4:   layout_concentric_octagons, slime_entry_1
Lair:5:   minmay_lair_end_frog_pond, layout_hall_layers
Swamp:1:  layout_basic_swamp, evilmike_swamp_ruin_house_3, swamp_pool2
Swamp:2:  layout_basic_swamp, evilmike_swamp_ruin_wall, grunt_lady_of_the_lake,
          uniq_louise
Swamp:3:  layout_basic_swamp, nicolae_swamp_decorative_isthmus
Swamp:4:  swamp_vile, layout_basic_swamp, swamp_pool2
Spider:1: nicolae_spider_hilbert_zone_2 [nicolae_spider_hilbert_4_sides_1_open,
          nicolae_spider_hilbert_4_sides_1_open,
          nicolae_spider_hilbert_4_sides_1_open,
          nicolae_spider_hilbert_4_sides_1_open,
          nicolae_spider_hilbert_6_sides_1_open,
          nicolae_spider_hilbert_6_sides_1_open,
          nicolae_spider_hilbert_3_sides_1_open,
          nicolae_spider_hilbert_3_sides_1_open,
          nicolae_spider_hilbert_3_sides_1_open,
          nicolae_spider_hilbert_3_sides_1_open,
          nicolae_spider_hilbert_6_sides_1_open,
          nicolae_spider_hilbert_6_sides_1_open,
          nicolae_spider_hilbert_6_sides_1_open,
          nicolae_spider_hilbert_6_sides_1_open]
Spider:2: layout_spider_delve
Spider:3: layout_cave_pods, nzn_ghost_randoct
Spider:4: hellmonk_spider_rune_bug_friends, uniq_arachne, uniq_mlioglotl
Orc:1:    layout_diamond_mine, serial_shops, shop, nicolae_diamond_shop,
          nicolae_diamond_shop, shop, shop, basic_altar, lightli_orcish_oven,
          uniq_harold
Orc:2:    st_orc_ogre_mass, layout_diamond_mine
Elf:1:    kennysheep_bubbly, layout_onion_city, serial_shops, shop,
          evilmike_minifort, minivault_25_ag, minmay_elf_annihilation,
          uniq_asterion
Vaults:1: nicolae_vaults_diagonal_hallway_7, hangedman_vaults_river_flow,
          nicolae_vaults_sealed_display, grunt_vaults_trifunnel, v_misc_10,
          vaults_room_fours, v_alt_pattern_6, grunt_vaults_hallway_long,
          vaults_room_grid, nicolae_vaults_little_squares_3, layout_vaults_ring,
          serial_shops, nicolae_shop_bloodbath_and_beyond

Skill      XL: |  1  2  3  4  5  6  7  8  9 10 11 12 13 14 15 16 17 18 19 |
---------------+----------------------------------------------------------+-----
Earth Magic    | 4 5 6 7 8 10 12 13 14 15 16 17 18 19 | 19.7
Fighting       | 1 2 3 4 5 6 7 8 9 11 12 13 | 13.8
Evocations     | 1 2 3 4 5 6 7 |  7.7
Conjurations   | 1 2 3 4 5 6 8 9 10 11 12 13 14 | 14.0
Spellcasting   | 3 4 5 6 7 8 9 10 11 13 14 | 14.9
Armour         | 1 2 3 4 6 7 8 |  8.8
Dodging        | 2 3 4 5 6 7 8 |  8.5
Stealth        | 3 4 5 |  5.0
Fire Magic     | 2 3 |  3.8
Shields        | 3 7 8 10 | 10.9
Transmutations | |  0.7
Poison Magic   | |  0.1

Action                   |  1- 3 |  4- 6 |  7- 9 | 10-12 | 13-15 | 16-18 | 19-21 || total
-------------------------+-------+-------+-------+-------+-------+-------+-------++-------
Melee: Unarmed           |     8 |       |       |     8 |       |       |       ||    16
       Spear             |    19 |       |       |       |       |       |       ||    19
       Quarterstaff      |       |    21 |       |       |       |       |       ||    21
       Whip              |       |     2 |       |       |       |       |       ||     2
       Lajatang          |       |       |   102 |   410 |   203 |       |       ||   715
       Morningstar       |       |       |       |       |    13 |   628 |       ||   641
       Sling             |       |       |       |       |       |       |     1 ||     1
 Fire: Sling             |       |       |       |       |   198 |    62 |    29 ||   289
Throw: Dart              |       |     4 |       |       |       |       |       ||     4
 Cast: Sandblast         |    49 |    65 |    72 |   155 |    97 |    37 |       ||   475
       Stone Arrow       |       |     1 |    13 |    24 |   163 |     5 |     1 ||   207
       Fireball          |       |       |       |    10 |    16 |       |       ||    26
       Petrify           |       |       |       |     4 |     6 |       |       ||    10
       Foxfire           |       |       |       |       |    64 |       |       ||    64
       Borgnjor's Vile C |       |       |       |       |    99 |   107 |     4 ||   210
       Mephitic Cloud    |       |       |       |       |     2 |       |       ||     2
       Starburst         |       |       |       |       |    32 |    27 |       ||    59
       Iron Shot         |       |       |       |       |    32 |   366 |    22 ||   420
       Arcjolt           |       |       |       |       |       |   111 |     2 ||   113
       Passwall          |       |       |       |       |       |     1 |       ||     1
Evoke: Wand              |       |       |       |       |       |     9 |       ||     9
  Use: Scroll            |       |     9 |     8 |     6 |     9 |     8 |       ||    40
       Potion            |       |       |       |     9 |     4 |     5 |     1 ||    19
 Stab: Sleeping          |       |     1 |     1 |     1 |       |     1 |       ||     4
       Petrifying        |       |       |       |     1 |       |       |       ||     1
       Confused          |       |       |       |     1 |     1 |       |       ||     2
       Petrified         |       |       |       |       |     5 |       |       ||     5
Armor: Robe              |    25 |       |       |       |       |   852 |    36 ||   913
       Leather armour    |       |    16 |    51 |   164 |   605 |     2 |       ||   838
       Steam dragon scal |       |       |    10 |   295 |       |       |       ||   305
Dodge: Dodged            |    38 |    45 |    66 |   483 |   646 |  1234 |    59 ||  2571
Block: Buckler           |       |       |       |       |    66 |    83 |       ||   149
       Kite shield       |       |       |       |       |       |   631 |    42 ||   673

Table legend: (Time is in decaauts)
 A = Elapsed time spent in this place.
 B = Non-inter-level travel time spent in this place.
 C = Inter-level travel time spent in this place.
 D = Time resting spent in this place.
 E = Time spent auto-exploring this place.
 F = Levels seen in this place.
 G = Mean time per level.
                   A        B        C        D        E       F      G
               +--------+--------+--------+--------+--------+-----+--------+
         Total |  46185 |  41450 |   4735 |  13146 |  19151 |  35 | 1319.6 |
       Dungeon |  20122 |  16702 |   3420 |   3237 |   9378 |  15 | 1341.5 |
        Temple |    373 |    356 |     17 |    100 |    130 |   1 |  373.0 |
          Lair |   6824 |   6043 |    781 |   1221 |   3477 |   5 | 1364.8 |
         Swamp |   6348 |   6181 |    167 |   2716 |   2555 |   4 | 1587.0 |
   Spider Nest |   6733 |   6543 |    190 |   3097 |   2460 |   4 | 1683.2 |
  Orcish Mines |   3230 |   3072 |    158 |   1592 |    678 |   2 | 1615.0 |
   Elven Halls |    124 |    124 |      0 |     22 |      9 |   1 |  124.0 |
        Vaults |    213 |    213 |      0 |    132 |     15 |   1 |  213.0 |
      Ice Cave |   1763 |   1763 |      0 |    927 |    250 |   1 | 1763.0 |
       Volcano |    451 |    451 |      0 |    101 |    199 |   1 |  451.0 |
               +--------+--------+--------+--------+--------+-----+--------+

Top non-repeatable levels by time:
Spider:3: 2589 daAuts
 Swamp:4: 2503 daAuts
    D:12: 2273 daAuts
    D:13: 2142 daAuts
Spider:1: 1848 daAuts
  Lair:3: 1818 daAuts
    D:10: 1780 daAuts
   IceCv: 1763 daAuts
Spider:2: 1736 daAuts
   Orc:2: 1687 daAuts
    D:15: 1648 daAuts
   Orc:1: 1542 daAuts
 Swamp:1: 1503 daAuts
  Lair:2: 1444 daAuts
 Swamp:2: 1396 daAuts
